TL
SAN ANTONIO MISSIONS @ EL PASO SUN KINGS
04/10/1982
 
TOP OF THE 1ST
San Antonio Missions batting - Pitching for El Paso Sun Kings : RHP Michael Mahoski
Pitching: RHP Michael Mahoski
Batting: LHB John Elway 0-0: Bunt missed!
0-1: Ball
1-1: Ball
2-1: Foul Ball, location: 2F
2-2: Fly out, F7 (Flyball, 7, EV 92.5 MPH)
Batting: SHB Wallace Johnson 0-0: Ball
1-0: Ball
2-0: Called Strike
2-1: Ball
3-1: Foul Ball, location: 2F
3-2: TRIPLE (Line Drive, 78XD, EV 111.3 MPH)
Batting: LHB Jerold Johnston 0-0: Called Strike
0-1: Foul Ball, location: 2F
0-2: Ball
1-2: Ball
2-2: Fly out, F9 (Line Drive, 9, EV 93.8 MPH)
Runner from 3rd tags up, SCORES, throw by RF
Batting: LHB John D Morris 0-0: Called Strike
0-1: Ball
1-1: Ball
2-1: Foul Ball, location: 2F
2-2: Ball
3-2: Base on Balls
Batting: RHB Andrew Walker Balk!
John D Morris to second
0-0: Ball
1-0: Called Strike
1-1: Fly out, F7 (Flyball, 7LS, EV 80.0 MPH)
Top of the 1st over - 1 run, 1 hit, 0 errors, 1 left on base; San Antonio 1 - El Paso 0
BOTTOM OF THE 1ST
El Paso Sun Kings batting - Pitching for San Antonio Missions : LHP Jim Deshaies
Pitching: LHP Jim Deshaies
Batting: LHB Stanley Hendrickson 0-0: Foul Ball, location: 2F
0-1: Foul Ball, location: 2F
0-2: Ball
1-2: Ball
2-2: Ball
3-2: Base on Balls
Batting: RHB Chuckie Canady 0-0: Swinging Strike
0-1: 2-RUN HOME RUN (Flyball, 7D, EV 96.9 MPH), Distance : 364 ft
Batting: LHB Scott Bradley 0-0: Called Strike
0-1: Called Strike
0-2: Ball
1-2: Ground out 6-3 (Groundball, 6MS, EV 61.3 MPH)
Batting: RHB Jimmy Waugh 0-0: Foul Ball, location: 2F
0-1: Foul Ball, location: 2F
0-2: Ball
1-2: Foul Ball, location: 2F
1-2: Ball
2-2: Ball
3-2: Foul Ball, location: 2F
3-2: Foul Ball, location: 2F
3-2: Base on Balls
Batting: RHB Jon Hansen 0-0: Ball
1-0: Ball
2-0: Called Strike
2-1: Fly out, F8 (Flyball, 78M, EV 77.5 MPH)
Batting: RHB Danny Ramires 0-0: Called Strike
0-1: Ball
1-1: Ball
2-1: Foul Ball, location: 2F
2-2: Strikes out swinging passed ball, reaches first!
Jimmy Waugh to second
Batting: SHB Danny Torres 0-0: Ball
1-0: Fly out, F8 (Flyball, 8LD, EV 99.4 MPH)
Bottom of the 1st over - 2 runs, 1 hit, 0 errors, 2 left on base; San Antonio 1 - El Paso 2
TOP OF THE 2ND
San Antonio Missions batting - Pitching for El Paso Sun Kings : RHP Michael Mahoski
Batting: RHB Larry Hamilton 0-0: Ball
1-0: Foul Ball, location: 2F
1-1: Foul Ball, location: 2F
1-2: SINGLE (Groundball, 56D, EV 98.8 MPH)
Batting: RHB Leo Hernandez 0-0: Grounds into double play, 6-4-3 (Groundball, 6S, EV 80.6 MPH)
Batting: RHB Amos Lewis 0-0: Ball
1-0: Called Strike
1-1: Foul Ball, location: 2F
1-2: Ball
2-2: Foul Ball, location: 2F
2-2: SOLO HOME RUN (Flyball, 9D, EV 93.8 MPH), Distance : 361 ft
Batting: RHB Houston Jimenez 0-0: Called Strike
0-1: Ball
1-1: Called Strike
1-2: Ground out U3 (Groundball, 3S, EV 82.5 MPH)
Top of the 2nd over - 1 run, 2 hits, 0 errors, 0 left on base; San Antonio 2 - El Paso 2
BOTTOM OF THE 2ND
El Paso Sun Kings batting - Pitching for San Antonio Missions : LHP Jim Deshaies
Batting: RHB Mike Anicich 0-0: Ball
1-0: Called Strike
1-1: Ball
2-1: Ball
3-1: Base on Balls
Batting: SHB Wayne Stone 0-0: Grounds into double play, 6-4-3 (Groundball, 6, EV 103.8 MPH)
Batting: LHB Stanley Hendrickson 0-0: Ball
1-0: Ground out 6-3 (Groundball, 6, EV 91.9 MPH)
Bottom of the 2nd over - 0 runs, 0 hits, 0 errors, 0 left on base; San Antonio 2 - El Paso 2
TOP OF THE 3RD
San Antonio Missions batting - Pitching for El Paso Sun Kings : RHP Michael Mahoski
Batting: LHB John Elway 0-0: Ball
1-0: Called Strike
1-1: Swinging Strike
1-2: Ball
2-2: SINGLE (Flyball, 3D, EV 90.0 MPH)
Batting: SHB Wallace Johnson 0-0: Foul Ball, location: 2F
0-1: Ball
1-1: Ball
2-1: Ball
3-1: Called Strike
3-2: Foul Ball, location: 2F
3-2: Foul Ball, location: 2F
3-2: SINGLE (Flyball, 8RS, EV 91.3 MPH)
John Elway to second
Runner from 2nd tries for 3rd, SAFE, no throw by CF
Batting: LHB Jerold Johnston 0-0: Ball
1-0: Foul Ball, location: 2F
1-1: Fly out, F5 (Flyball, 5D, EV 91.9 MPH)
Batting: LHB John D Morris 0-0: Ball
1-0: Called Strike
Wallace Johnson steals 2nd base
1-1: Ball
2-1: Ball
3-1: Base on Balls
Batting: RHB Andrew Walker 0-0: Foul Ball, location: 2F
0-1: Swinging Strike
0-2: Strikes out swinging
Batting: RHB Larry Hamilton 0-0: Called Strike
0-1: Called Strike
0-2: Ball
1-2: Ball
2-2: Strikes out swinging
Top of the 3rd over - 0 runs, 2 hits, 0 errors, 3 left on base; San Antonio 2 - El Paso 2
BOTTOM OF THE 3RD
El Paso Sun Kings batting - Pitching for San Antonio Missions : LHP Jim Deshaies
Batting: RHB Chuckie Canady 0-0: Swinging Strike
0-1: Foul Ball, location: 2F
0-2: Ball
1-2: SINGLE (Line Drive, 3D, EV 100.0 MPH)
Batting: LHB Scott Bradley 0-0: Ball
1-0: Called Strike
1-1: Ball
2-1: Swinging Strike
2-2: Foul Ball, location: 2F
2-2: Strikes out swinging
Batting: RHB Jimmy Waugh 0-0: Ball
1-0: Ball
2-0: Ball
3-0: Called Strike
3-1: Base on Balls
Chuckie Canady to second
Batting: RHB Jon Hansen 0-0: Called Strike
0-1: Ball
1-1: Called Strike
1-2: Fly out, F8 (Flyball, 8LM, EV 94.4 MPH)
Batting: RHB Danny Ramires 0-0: SINGLE (Flyball, 34D, EV 90.0 MPH)
Chuckie Canady to third
Jimmy Waugh to second
Runner from 3rd tries for Home, SAFE, throw by RF to home
Batting: SHB Danny Torres 0-0: Ball
1-0: Ball
2-0: Swinging Strike
2-1: Ball
3-1: Base on Balls
Jimmy Waugh to third
Danny Ramires to second
Batting: RHB Mike Anicich 0-0: Ball
1-0: Called Strike
1-1: Swinging Strike
1-2: Strikes out swinging
Bottom of the 3rd over - 1 run, 2 hits, 0 errors, 3 left on base; San Antonio 2 - El Paso 3
TOP OF THE 4TH
San Antonio Missions batting - Pitching for El Paso Sun Kings : RHP Michael Mahoski
Batting: RHB Leo Hernandez 0-0: Ball
1-0: SINGLE (Line Drive, 4M, EV 93.8 MPH)
Batting: RHB Amos Lewis 0-0: Ball
1-0: Foul Ball, location: 2F
1-1: Fly out, F7 (Flyball, 7, EV 95.6 MPH)
Batting: RHB Houston Jimenez 0-0: Ball
1-0: Ball
2-0: Grounds into double play, 6-4-3 (Groundball, 56, EV 85.0 MPH)
Top of the 4th over - 0 runs, 1 hit, 0 errors, 0 left on base; San Antonio 2 - El Paso 3
BOTTOM OF THE 4TH
El Paso Sun Kings batting - Pitching for San Antonio Missions : LHP Jim Deshaies
Batting: SHB Wayne Stone 0-0: Bunted foul
0-1: Ball
1-1: Ball
2-1: Swinging Strike
2-2: Ball
3-2: Strikes out looking
Batting: LHB Stanley Hendrickson 0-0: Called Strike
0-1: Foul Ball, location: 2F
0-2: Ball
1-2: Ball
2-2: Ball
3-2: Foul Ball, location: 2F
3-2: SINGLE (Groundball, 6M, EV 101.9 MPH)
Batting: RHB Chuckie Canady 0-0: Ball
1-0: Ball
2-0: Swinging Strike
2-1: Fielders Choice at 2nd, 6-4 (Groundball, 6S, EV 85.0 MPH)
Batting: LHB Scott Bradley 0-0: Ball
1-0: Fly out, F7 (Flyball, 78S, EV 85.0 MPH)
Bottom of the 4th over - 0 runs, 1 hit, 0 errors, 1 left on base; San Antonio 2 - El Paso 3
TOP OF THE 5TH
San Antonio Missions batting - Pitching for El Paso Sun Kings : RHP Michael Mahoski
Batting: LHB John Elway 0-0: Ball
1-0: Called Strike
1-1: Ball
2-1: Ground out 5-3 (Groundball, 56, EV 79.4 MPH)
Batting: SHB Wallace Johnson 0-0: Foul Ball, location: 2F
0-1: Ball
1-1: DOUBLE (Line Drive, 9LM, EV 107.5 MPH)
Batting: LHB Jerold Johnston 0-0: Ball
1-0: Fly out, F7 (Line Drive, 7, EV 86.3 MPH)
Batting: LHB John D Morris 0-0: Called Strike
0-1: Fly out, F4 (Popup, 4MD, EV 64.4 MPH)
Top of the 5th over - 0 runs, 1 hit, 0 errors, 1 left on base; San Antonio 2 - El Paso 3
BOTTOM OF THE 5TH
El Paso Sun Kings batting - Pitching for San Antonio Missions : LHP Jim Deshaies
Batting: RHB Jimmy Waugh 0-0: Ball
1-0: Ball
2-0: Fly out, F7 (Flyball, 7S, EV 91.3 MPH)
Batting: RHB Jon Hansen 0-0: Ball
1-0: Called Strike
1-1: Ball
2-1: Ball
3-1: Fly out, F9 (Line Drive, 9, EV 95.0 MPH)
Batting: RHB Danny Ramires 0-0: Reached on error, E5 (Groundball, 5, EV 101.9 MPH)
Batting: SHB Danny Torres 0-0: Ball
1-0: Foul Ball, location: 2F
1-1: Ball
2-1: Called Strike
2-2: Strikes out swinging
Bottom of the 5th over - 0 runs, 0 hits, 1 error, 1 left on base; San Antonio 2 - El Paso 3
TOP OF THE 6TH
San Antonio Missions batting - Pitching for El Paso Sun Kings : RHP Michael Mahoski
Batting: RHB Andrew Walker 0-0: Foul Ball, location: 2F
0-1: Ball
1-1: Fly out, F8 (Line Drive, 8LM, EV 86.3 MPH)
Batting: RHB Larry Hamilton 0-0: SINGLE (Groundball, 4MD, EV 103.1 MPH)
Batting: RHB Leo Hernandez 0-0: Ball
1-0: Foul Ball, location: 2F
1-1: Fielders Choice at 2nd, 6-4 (Groundball, 6, EV 111.9 MPH)
Batting: RHB Amos Lewis 0-0: Called Strike
0-1: Called Strike
0-2: Ball
1-2: Foul Ball, location: 2F
1-2: Ball
2-2: Strikes out swinging, 2-3 out at first.
Top of the 6th over - 0 runs, 1 hit, 0 errors, 1 left on base; San Antonio 2 - El Paso 3
BOTTOM OF THE 6TH
El Paso Sun Kings batting - Pitching for San Antonio Missions : LHP Jim Deshaies
Batting: RHB Mike Anicich 0-0: Ball
1-0: Ball
2-0: Called Strike
2-1: Ground out 4-3 (Groundball, 34, EV 104.4 MPH)
Batting: SHB Wayne Stone 0-0: Fly out, F7 (Flyball, 7, EV 82.5 MPH)
Batting: LHB Stanley Hendrickson 0-0: Swinging Strike
0-1: Swinging Strike
0-2: Reached on error, E3 (Groundball, 34, EV 108.8 MPH)
Batting: RHB Chuckie Canady 0-0: Ball
1-0: Called Strike
1-1: Fielders Choice at 2nd, 6-4 (Groundball, 56, EV 93.1 MPH)
Bottom of the 6th over - 0 runs, 0 hits, 1 error, 1 left on base; San Antonio 2 - El Paso 3
TOP OF THE 7TH
San Antonio Missions batting - Pitching for El Paso Sun Kings : RHP Michael Mahoski
Batting: RHB Houston Jimenez 0-0: Swinging Strike
0-1: Ball
1-1: Ball
2-1: Called Strike
2-2: Ground out 5-3 (Groundball, 56, EV 86.3 MPH)
Batting: LHB John Elway 0-0: Called Strike
0-1: Ball
1-1: Ball
2-1: Ball
3-1: Called Strike
3-2: Foul Ball, location: 2F
3-2: Foul Ball, location: 2F
3-2: SINGLE (Flyball, 34D, EV 87.5 MPH)
Batting: SHB Wallace Johnson 0-0: Called Strike
John Elway steals 2nd base (no throw)
0-1: Ball
1-1: Ground out 6-3 (Groundball, 6M, EV 107.5 MPH)
John Elway to third
Batting: LHB Jerold Johnston 0-0: Called Strike
0-1: Ball
1-1: Ball
2-1: Swinging Strike
2-2: Strikes out swinging
Top of the 7th over - 0 runs, 1 hit, 0 errors, 1 left on base; San Antonio 2 - El Paso 3
BOTTOM OF THE 7TH
El Paso Sun Kings batting - Pitching for San Antonio Missions : LHP Jim Deshaies
Batting: LHB Scott Bradley 0-0: Called Strike
0-1: Ball
1-1: Ball
2-1: Fly out, F8 (Flyball, 8LXD, EV 98.1 MPH)
Batting: RHB Jimmy Waugh 0-0: Ball
1-0: Foul Ball, location: 2F
1-1: Called Strike
1-2: Foul Ball, location: 2F
1-2: Ball
2-2: SINGLE (Groundball, 56D, EV 104.4 MPH)
Batting: RHB Jon Hansen 0-0: Ball
1-0: Ball
2-0: Called Strike
2-1: Foul Ball, location: 2F
2-2: Strikes out swinging
Batting: RHB Danny Ramires 0-0: Ball
1-0: Ground out U3 (Groundball, 3, EV 105.0 MPH)
Bottom of the 7th over - 0 runs, 1 hit, 0 errors, 1 left on base; San Antonio 2 - El Paso 3
TOP OF THE 8TH
San Antonio Missions batting - Pitching for El Paso Sun Kings : RHP Michael Mahoski
Batting: LHB John D Morris 0-0: Ball
1-0: Foul Ball, location: 2F
1-1: Swinging Strike
1-2: Foul Ball, location: 2F
1-2: Ball
2-2: Strikes out swinging
Batting: RHB Andrew Walker 0-0: Ball
1-0: Swinging Strike
1-1: Foul Ball, location: 2F
1-2: Ball
2-2: Ball
3-2: Foul Ball, location: 2F
3-2: Fly out, F9 (Flyball, 89S, EV 84.4 MPH)
Batting: RHB Larry Hamilton 0-0: Ball
1-0: Ball
2-0: Ball
3-0: Base on Balls
Pinch Runner at 1st Jose Moreno:
Batting: RHB Leo Hernandez 0-0: Called Strike
0-1: Ball
1-1: Ground out 1-3 (Groundball, 13S, EV 65.6 MPH)
Top of the 8th over - 0 runs, 0 hits, 0 errors, 1 left on base; San Antonio 2 - El Paso 3
BOTTOM OF THE 8TH
El Paso Sun Kings batting - Pitching for San Antonio Missions : LHP Jim Deshaies
Now in LF: Jack Clark
Batting: SHB Danny Torres 0-0: Fly out, F8 (Line Drive, 8LM, EV 85.6 MPH)
Batting: RHB Mike Anicich 0-0: Foul Ball, location: 2F
0-1: Called Strike
0-2: Ground out 6-3 (Groundball, 56, EV 90.0 MPH)
Batting: SHB Wayne Stone 0-0: Foul Ball, location: 2F
0-1: Foul Ball, location: 2F
0-2: Ball
1-2: Ball
2-2: Ground out 5-3 (Groundball, 56S, EV 80.6 MPH)
Bottom of the 8th over - 0 runs, 0 hits, 0 errors, 0 left on base; San Antonio 2 - El Paso 3
TOP OF THE 9TH
San Antonio Missions batting - Pitching for El Paso Sun Kings : RHP Michael Mahoski
Pitching: LHP Richard Broas
Batting: RHB Amos Lewis 0-0: Ball
1-0: Ground out 5-3 (Groundball, 56, EV 101.3 MPH)
Pinch Hitting: RHB Tony Johnson 0-0: Swinging Strike
0-1: Foul Ball, location: 2F
0-2: Ball
1-2: Strikes out swinging
Batting: LHB John Elway 0-0: Ball
1-0: Ball
2-0: Ball
3-0: Base on Balls
Batting: SHB Wallace Johnson 0-0: Called Strike
0-1: Swinging Strike
0-2: Ball
1-2: Ball
2-2: Ball
3-2: Foul Ball, location: 2F
3-2: Strikes out swinging
Top of the 9th over - 0 runs, 0 hits, 0 errors, 1 left on base; San Antonio 2 - El Paso 3
Friday, July 17th, 2020 - OOTP Baseball 21.4 Build 63